 Dungeon Crawl Stone Soup version 0.26-a0-591-g04f19ec95a (webtiles) character file.

Game seed: 9575399074791961866

2475 rudolf the Severer (level 9, 0/105 HPs)
             Began as a Minotaur Berserker on Aug 24, 2020.
             Was an Elder of Trog.
             Succumbed to a hornet's poison
             ... on level 6 of the Dungeon.
             The game lasted 00:20:37 (5741 turns).

rudolf the Severer (Minotaur Berserker)             Turns: 5741, Time: 00:20:38

Health: 0/105      AC:  5    Str: 22    XL:     9   Next: 27%
Magic:  8/8        EV: 11    Int:  6    God:    Trog [****..]
Gold:   342        SH:  0    Dex: 11    Spells: 8/8 levels left

rFire    . . .     SeeInvis .   a - +0 hand axe
rCold    + . .     Faith    .   (no shield)
rNeg     . . .     Spirit   .   w - +0 ring mail {rC+}
rPois    .         Reflect  .   (helmet restricted)
rElec    .         Harm     .   (no cloak)
rCorr    .                      (no gloves)
MR       .....                  (no boots)
Stlth    ..........             q - amulet of regeneration
HPRegen  0.67/turn              (no ring)
MPRegen  0.11/turn              (no ring)

@: berserking, lethally poisoned (0 -> -8), slowed
A: retaliatory headbutt, horns 2
a: Berserk, Trog's Hand, Brothers in Arms, Renounce Religion


You were on level 6 of the Dungeon.
You worshipped Trog.
Trog was greatly pleased with you.
You visited 2 branches of the dungeon, and saw 7 of its levels.

You collected 342 gold pieces.

Inventory:

Hand Weapons
 a - a +0 hand axe (weapon)
 E - a cursed +3 battleaxe of freezing
Armour
 b - a +0 animal skin
 k - a +0 ring mail
 w - a +0 ring mail of cold resistance (worn)
 y - a +2 buckler
Jewellery
 q - an amulet of regeneration (around neck)
Wands
 n - a wand of polymorph (19)
 r - a wand of iceblast (13)
 A - a wand of flame (43)
Scrolls
 c - 2 scrolls of magic mapping {unknown}
 d - 2 scrolls of fog {unknown}
 e - a scroll of fear {unknown}
 f - 2 scrolls of enchant weapon {unknown}
 g - 7 scrolls of identify
 h - 2 scrolls of amnesia {unknown}
 o - 4 scrolls of teleportation {unknown}
 p - a scroll of random uselessness {unknown}
 s - 2 scrolls of noise {unknown}
 t - 3 scrolls of remove curse {unknown}
 v - a scroll of immolation {unknown}
 C - 2 scrolls of summoning {unknown}
 F - a scroll of blinking {unknown}
Potions
 i - 3 potions of lignification {unknown}
 j - a potion of brilliance {unknown}
 l - a potion of heal wounds {unknown}
 m - a potion of berserk rage {unknown}
 u - 2 potions of haste {unknown}
 z - 2 potions of flight {unknown}
 B - 2 potions of curing {unknown}
 D - a potion of magic {unknown}
 G - a potion of ambrosia {unknown}


   Skills:
 - Level 3.6 Fighting
 * Level 17.2 Axes
 - Level 2.4 Armour
 - Level 2.1 Dodging


You had 8 spell levels left.
You didn't know any spells.
Your spell library was empty.

Dungeon Overview and Level Annotations

Branches:
Dungeon (6/15)             Temple (1/1) D:5

Altars:
Cheibriados
Dithmenos
Elyvilon
Fedhas
Hepliaklqana
Kikubaaqudgha
Makhleb
Nemelex Xobeh
Okawaru
Qazlal
Ru
Sif Muna
Trog
Uskayaw
Vehumet
Wu Jian
Xom
Yredelemnul
Zin
The Shining One


Innate Abilities, Weirdness & Mutations

You reflexively headbutt those who attack you in melee.
You have a pair of horns on your head.


Message History

You shrug off the repeated paralysis!
The hornet stings you.
* * * LOW HITPOINT WARNING * * *
You feel as though you will be slow longer.
You can move again.
You slash the hornet!
The hornet is almost dead.
* * * LOW HITPOINT WARNING * * *
You feel sick. The hornet stings you.
* * * LOW HITPOINT WARNING * * *
You feel as though you will be slow longer.
You barely miss the hornet. You headbutt the hornet.
You kill the hornet!
Trog accepts your kill.
Your life force feels restored.
You have finished your manual of Axes and toss it away.
Your Axes skill increases to level 17!
* * * LOW HITPOINT WARNING * * *
You feel sick.
You are too berserk!
You die...

#############
....>.†.@...###
##########....#
.##
............#.#
...#
.##########.#.#
#..#
#<...(.....#
#..#
#.######.###
#..## #.#
#....# #.#
##.##.#### #.#


There were no monsters in sight!

Vanquished Creatures
  Pikel (D:6)
  A troll (D:5)
  A hornet (D:6)
  Edmund (D:4)
  4 ice beasts
  A phantom (D:5)
  A centaur (D:6)
  2 bullfrogs (D:6)
  A gnoll sergeant (D:5)
  2 scorpions
  3 wights (D:6)
  A howler monkey (D:5)
  3 hounds (D:4)
  4 orc wizards
  An iguana (D:4)
  2 worker ants
  A howler monkey zombie (D:5)
  8 gnolls (D:5)
  7 adders
  2 shadow imps (D:5)
  An ufetubus (D:5)
  An ooze (D:2)
  2 worms
  3 dart slugs (D:1)
  7 leopard geckos
  12 orcs
  6 bats
  9 giant cockroaches
  6 hobgoblins
  3 jackals
  12 kobolds
  4 quokkas
  A ball python (D:2)
  2 frilled lizards
  6 goblins
  2 jackal skeletons (D:4)
  A jackal zombie (D:5)
  A quokka skeleton (D:5)
  8 rats
134 creatures vanquished.

Vanquished Creatures (others)
  2 withered plants (D:3)
2 creatures vanquished.

Grand Total: 136 creatures vanquished

Notes
Turn   | Place    | Note
-------+----------+-------------------------------------------
     0 | D:1      | rudolf the Minotaur Berserker began the quest for the Orb.
     0 | D:1      | Reached XP level 1. HP: 19/19 MP: 0/0
   135 | D:1      | Reached skill level 4 in Axes
   297 | D:1      | Reached XP level 2. HP: 24/26 MP: 1/1
   796 | D:1      | Reached skill level 5 in Axes
   818 | D:1      | Reached XP level 3. HP: 21/31 MP: 2/2
  1264 | D:2      | Reached ** piety under Trog
  1311 | D:2      | Found a shimmering altar of Xom.
  1557 | D:2      | Found an ancient bone altar of Kikubaaqudgha.
  2015 | D:3      | Reached skill level 6 in Axes
  2015 | D:3      | Reached XP level 4. HP: 39/39 MP: 3/3
  2288 | D:3      | Found a basalt altar of Yredelemnul.
  2861 | D:4      | Reached skill level 7 in Axes
  2861 | D:4      | Reached XP level 5. HP: 45/45 MP: 4/4
  2865 | D:4      | Found a snail-covered altar of Cheibriados.
  2870 | D:4      | Found a stormy altar of Qazlal.
  2870 | D:4      | Found a glowing golden altar of the Shining One.
  2914 | D:4      | Noticed Edmund
  2969 | D:4      | Reached *** piety under Trog
  3067 | D:4      | You fall into a shaft and drop 2 floors!
  3068 | D:6      | Noticed an ice beast
  3074 | D:6      | Killed an ice beast
  3074 | D:6      | Reached skill level 8 in Axes
  3074 | D:6      | Reached XP level 6. HP: 51/51 MP: 5/5
  3215 | D:5      | Entered Level 5 of the Dungeon
  3365 | D:4      | Reached skill level 9 in Axes
  3522 | D:4      | Killed Edmund
  3522 | D:4      | Reached XP level 7. HP: 57/57 MP: 6/6
  3658 | D:4      | Reached skill level 10 in Axes
  3827 | D:4      | Found a blossoming altar of Fedhas.
  4212 | D:5      | Found an ornate altar of the Wu Jian Council.
  4240 | D:5      | Reached skill level 11 in Axes
  4299 | D:5      | Found a glowing silver altar of Zin.
  4320 | D:5      | Noticed a troll
  4332 | D:5      | Killed a troll
  4332 | D:5      | Reached skill level 12 in Axes
  4332 | D:5      | Reached XP level 8. HP: 64/64 MP: 7/7
  4383 | D:5      | Found a staircase to the Ecumenical Temple.
  4401 | D:5      | Reached skill level 13 in Axes
  4466 | Temple   | Entered the Ecumenical Temple
  4583 | D:5      | Reached **** piety under Trog
  4801 | D:5      | Found a hazy altar of Hepliaklqana.
  5071 | D:6      | Reached skill level 14 in Axes
  5101 | D:6      | Noticed Pikel
  5119 | D:6      | Killed Pikel
  5119 | D:6      | Reached skill level 16 in Axes
  5168 | D:6      | Reached XP level 9. HP: 70/70 MP: 8/8
  5251 | D:6      | HP: 4/105 [centaur (5)]
  5737 | D:6      | Paralysed by a hornet for 1 turns
  5739 | D:6      | HP: 2/105 [hornet (6)]
  5740 | D:6      | Reached skill level 17 in Axes
  5741 | D:6      | Succumbed to a hornet's poison

Illustrated notes

Levels and vault maps discovered:
D:1:      nzn_arrival_depleted_hourglass, layout_basic
D:2:      layout_loops_ring, lemuel_doored_altar, overflow_temple_1_default,
          minmay_pentomino_pile
D:3:      layout_basic, yredelemnul_altar_generic, grunt_ministairs_12
D:4:      layout_gridville, kennysheep_mini_moat, grunt_temple_overflow_open,
          chequers_serial_rivers_small_3, uniq_edmund
D:5:      layout_loops_corners, kennysheep_mini, lemuel_crystal_altar,
          lemuel_crystal_altar, minmay_temple_entry_glass, minmay_manual_mess
D:6:      layout_basic, hangedman_decor_riveting, uniq_pikel
Temple:   cyrus_temple_forest

Skill      XL: |  1  2  3  4  5  6  7  8  9 |
---------------+----------------------------+-----
Axes           | 4 5 6 7 8 9 12 16 17 | 17.2
Fighting       | |  3.6
Armour         | |  2.4
Dodging        | |  2.1

Action                   |  1- 3 |  4- 6 |  7- 9 || total
-------------------------+-------+-------+-------++-------
Melee: Hand axe          |    98 |   119 |   230 ||   447
       Headbutt          |    10 |    23 |    31 ||    64
Invok: Berserk           |       |     3 |     4 ||     7
  Use: Scroll            |       |     1 |       ||     1
 Stab: Sleeping          |     1 |       |       ||     1
Armor: Animal skin       |     6 |       |       ||     6
       Ring mail         |    15 |    32 |    55 ||   102
Dodge: Dodged            |    54 |    52 |    94 ||   200

Table legend: (Time is in decaauts)
 A = Elapsed time spent in this place.
 B = Non-inter-level travel time spent in this place.
 C = Inter-level travel time spent in this place.
 D = Time resting spent in this place.
 E = Time spent auto-exploring this place.
 F = Levels seen in this place.
 G = Mean time per level.
                   A        B        C        D        E       F      G
               +--------+--------+--------+--------+--------+-----+--------+
         Total |   5713 |   5473 |    240 |    717 |   3883 |   7 |  816.1 |
       Dungeon |   5638 |   5398 |    240 |    717 |   3883 |   6 |  939.7 |
        Temple |     74 |     74 |      0 |      0 |      0 |   1 |   74.0 |
               +--------+--------+--------+--------+--------+-----+--------+

Top non-repeatable levels by time:
     D:1: 1237 daAuts
     D:5: 1114 daAuts
     D:3: 1018 daAuts
     D:4: 941 daAuts
     D:6: 810 daAuts
     D:2: 515 daAuts
  Temple: 74 daAuts
